 Dungeon Crawl Stone Soup version 0.29.0-13-gc9e81de378 (webtiles) character file.

Game seed: 6262445011458370062

39 howech the Slasher (level 3, -2/35 HPs)
             Began as a Gnoll Cinder Acolyte on Sept 10, 2022.
             Was a High Priest of Ignis.
             Slain by an iguana (8 damage)
             ... on level 2 of the Dungeon.
             The game lasted 00:02:38 (636 turns).

howech the Slasher (Gnoll Cinder Acolyte)            Turns: 636, Time: 00:02:38

Health: -2/35      AC: 10    Str: 15    XL:     3   Next: 47%
Magic:  7/7        EV: 11    Int: 13    God:    Ignis [*****.]
Gold:   48         SH:  0    Dex:  7    Spells: 5/7 levels left

rFire   + . .      SeeInvis .   a - -1 falchion (flame)
rCold   . . .      Faith    .   (no shield)
rNeg    . . .      Spirit   .   b - +0 robe
rPois   .          Reflect  .   (no helmet)
rElec   .          Harm     .   (no cloak)
rCorr   .          Rampage  .   (no gloves)
Will    .....                   (no boots)
Stlth   +.........              (no amulet)
HPRegen 0.11/turn               g - ring of the Tortoise {AC+8}
MPRegen 0.10/turn               (no ring)

@: no status effects
A: fangs 1, strong nose, distributed training
a: Renounce Religion, Fiery Armour, Foxfire Swarm, Rising Flame


You were on level 2 of the Dungeon.
You worshipped Ignis.
Ignis was extremely pleased with you.
You visited 1 branch of the dungeon, and saw 2 of its levels.

You collected 48 gold pieces.

Inventory:

Hand Weapons
 a - a -1 falchion of flaming (weapon)
Armour
 b - a +0 robe (worn)
Jewellery
 g - the ring of the Tortoise (left hand) {AC+8}
   (You found it on level 2 of the Dungeon)

   [ring of protection]

   AC:        It affects your AC (+8).
Scrolls
 c - a scroll of magic mapping {unknown}
 d - a scroll of summoning {unknown}
 e - a scroll of noise {unknown}
 h - a scroll of enchant weapon {unknown}
Potions
 f - a potion of mutation {unknown}


   Skills:
 + Level 6.5 Fighting
 + Level 0.9 Short Blades
 + Level 6.5 Long Blades
 + Level 0.9 Axes
 + Level 0.9 Maces & Flails
 + Level 0.9 Polearms
 + Level 0.9 Staves
 + Level 0.9 Ranged Weapons
 + Level 0.9 Throwing
 + Level 0.9 Armour
 + Level 0.9 Dodging
 + Level 0.9 Stealth
 + Level 0.9 Shields
 + Level 0.9 Unarmed Combat
 + Level 2.8 Spellcasting
 + Level 0.6 Conjurations
 + Level 0.6 Hexes
 + Level 0.6 Summonings
 + Level 0.6 Necromancy
 + Level 0.6 Translocations
 + Level 0.6 Transmutations
 + Level 5.4 Fire Magic
 + Level 0.6 Ice Magic
 + Level 0.6 Air Magic
 + Level 0.6 Earth Magic
 + Level 0.6 Poison Magic
 + Level 1.0 Invocations
 + Level 0.9 Evocations


You had 5 spell levels left.
You knew the following spells:

 Your Spells              Type           Power      Damage    Failure   Level
a - Scorch                Fire           32%        2d6       3%          2

Your spell library contained the following spells:

 Spells                   Type           Power      Damage    Failure   Level


Dungeon Overview and Level Annotations

Branches:
Dungeon (2/15)

Altars:


Innate Abilities, Weirdness & Mutations

You have very sharp teeth.
Your uncanny sense of smell can sniff out nearby items.
Your experience applies equally to all skills.


Message History

Your Invocations skill increases to level 1!
You closely miss the iguana. The iguana misses you.
You hit the iguana. You burn the iguana. Your bite misses the iguana.
The iguana is moderately wounded.
The iguana barely misses you.
You hit the iguana. You burn the iguana.
The iguana is moderately wounded.
The iguana misses you.
You completely miss the iguana.
The iguana is moderately wounded.
The iguana bites you!
You closely miss the iguana.
The iguana is moderately wounded.
The iguana barely misses you.
You closely miss the iguana.
The iguana is moderately wounded.
The iguana bites you.
You barely miss the iguana. You bite the iguana, but do no damage.
The iguana is moderately wounded.
The iguana completely misses you.
You hit the iguana but do no damage.
The iguana is moderately wounded.
The iguana bites you.
You barely miss the iguana.
The iguana is moderately wounded.
The iguana bites you.
You hit the iguana. You burn the iguana.
The iguana is moderately wounded.
The iguana bites you but does no damage.
You hit the iguana but do no damage.
The iguana is moderately wounded.
The iguana bites you!
You hit the iguana. You burn the iguana.
The iguana is heavily wounded.
The iguana bites you.
* * * LOW HITPOINT WARNING * * *
You hit the iguana but do no damage.
The iguana is heavily wounded.
The iguana bites you!
You die...

#... ∆ l...# #..# ...P.P##.#
#..# .~P~~ ~~.# #..# .S~~
~~~P #..# #~P♣ ♣♣~P# #..#
#P~~♣♣ ♣~~P# #..####P.P~♣
♣P~P# #...@l.P.~♣♣♣♣♣P.#
#.####..~P~♣~~~P.## #.#
#.##.~~~P~P..### #.#
#.#..P~PPP...... #.#
#)#.###..#....## #.# #.#.#
##.##.#.# # #.#
##.#.###.#.....##
.#.##.##.###.......###......
............†...###>#....#.#


You could see an iguana.

Vanquished Creatures
  3 adders (D:2)
  A dart slug (D:1)
  A hobgoblin (D:1)
  2 quokkas
  A ball python (D:1)
  2 bats (D:1)
  2 kobolds
  2 rats (D:1)
14 creatures vanquished.

Vanquished Creatures (others)
  8 foxfires (D:1)
  4 plants (D:2)
12 creatures vanquished.

Grand Total: 26 creatures vanquished

Notes
Turn   | Place    | Note
-------+----------+-------------------------------------------
     0 | D:1      | howech the Gnoll Cinder Acolyte began the quest for the
                  | Orb.
     0 | D:1      | Reached XP level 1. HP: 23/23 MP: 4/4
   123 | D:1      | Reached XP level 2. HP: 9/29 MP: 5/5
   369 | D:2      | Found the ring of the Tortoise {AC+8}
   418 | D:2      | Found a faded altar of an unknown god.
   438 | D:2      | Learned a level 2 spell: Scorch
   463 | D:2      | Reached XP level 3. HP: 29/35 MP: 7/7
   624 | D:2      | Reached skill level 1 in Invocations
   636 | D:2      | Slain by an iguana

Illustrated notes

Levels and vault maps discovered:
D:1:      lightli_arrival_chessboard, layout_rooms, serial_co_window_serial,
          co_window_paths_a, co_window_paths_a, co_window_paths_a,
          co_window_of_opportunity_a, co_window_paths_a, co_window_cross_2,
          co_window_corner_b, co_window_2corner, co_window_broadway_c,
          co_window_broadway_c, co_window_broadway_a, co_window_corner_b,
          glass_columns_a, nrook_mini_vaults, minmay_pentomino_t4
D:2:      layout_loops_ring, shapermc_ecumenical_altar_venn,
          serial_bayou_pond_c, minmay_misc_feat_more_columns,
          minmay_misc_feat_alley, uniq_jessica

Skill      XL: |  1  2  3 |
---------------+----------+-----
Invocations    | 1 |  1.0
Fighting       | |  6.5
Short Blades   | |  0.9
Long Blades    | |  6.5
Axes           | |  0.9
Maces & Flails | |  0.9
Polearms       | |  0.9
Staves         | |  0.9
Ranged Weapons | |  0.9
Throwing       | |  0.9
Armour         | |  0.9
Dodging        | |  0.9
Stealth        | |  0.9
Shields        | |  0.9
Unarmed Combat | |  0.9
Spellcasting   | |  2.8
Conjurations   | |  0.6
Hexes          | |  0.6
Summonings     | |  0.6
Necromancy     | |  0.6
Translocations | |  0.6
Transmutations | |  0.6
Fire Magic     | |  5.4
Ice Magic      | |  0.6
Air Magic      | |  0.6
Earth Magic    | |  0.6
Poison Magic   | |  0.6
Evocations     | |  0.9

Action                   || total
-------------------------++-------
Melee: Falchion          ||    90
       Bite              ||     8
       Punch             ||     1
Invok: Foxfire Swarm     ||     1
Armor: Robe              ||    52
Dodge: Dodged            ||    72
